 Dungeon Crawl Stone Soup version 0.28-a0-821-g923ab73998 (webtiles) character file.

Game seed: 803187128059929780

36 Gargoyl the Skirmisher (level 3, 0/35 HPs)
             Began as a Gnoll Abyssal Knight on Nov 9, 2021.
             Was a Follower of Lugonu.
             Killed from afar by an orc wizard (12 damage)
             ... with a puff of flame
             ... on level 2 of the Dungeon.
             The game lasted 00:02:12 (1196 turns).

Gargoyl the Skirmisher (Gnoll Abyssal Knight)       Turns: 1196, Time: 00:02:13

Health: 0/35       AC: 13    Str: 13    XL:     3   Next: 37%
Magic:  6/6        EV:  6    Int:  9    God:    Lugonu [*.....]
Gold:   14         SH:  0    Dex: 12    Spells: 3/3 levels left

rFire   . . .      SeeInvis .   a - +1 hand axe
rCold   . . .      Faith    .   (no shield)
rNeg    . . .      Spirit   .   c - +0 chain mail
rPois   .          Reflect  .   (no helmet)
rElec   .          Harm     .   d - +0 cloak
rCorr   .          Rampage  .   (no gloves)
Will    .....                   e - +1 pair of boots
Stlth   ..........              (no amulet)
HPRegen 0.11/turn               (no ring)
MPRegen 0.10/turn               (no ring)

@: no status effects
A: fangs 1, strong nose, distributed training, devolution 1
a: Renounce Religion, Depart the Abyss


You were on level 2 of the Dungeon.
You worshipped Lugonu.
Lugonu was aware of your devotion.
You visited 1 branch of the dungeon, and saw 2 of its levels.
You visited the Abyss 1 time.

You collected 152 gold pieces.
You spent 138 gold pieces at shops.

Inventory:

Hand Weapons
 a - a +1 hand axe (weapon)
Missiles
 f - 17 poisoned darts (quivered)
Armour
 c - a +0 chain mail (worn)
 d - a +0 cloak (worn)
 e - a +1 pair of boots (worn)
Scrolls
 g - a scroll of silence {unknown}
 j - 3 scrolls of identify
 l - a scroll of holy word {unknown}
Potions
 b - a potion of resistance


   Skills:
 + Level 6.5 Fighting
 + Level 0.7 Short Blades
 + Level 0.7 Long Blades
 + Level 4.5 Axes
 + Level 0.7 Maces & Flails
 + Level 0.7 Polearms
 + Level 0.7 Staves
 + Level 0.7 Slings
 + Level 0.7 Bows
 + Level 0.7 Crossbows
 + Level 0.7 Throwing
 + Level 4.5 Armour
 + Level 2.6 Dodging
 + Level 0.7 Stealth
 + Level 0.7 Shields
 + Level 0.7 Unarmed Combat
 + Level 0.7 Spellcasting
 + Level 0.5 Conjurations
 + Level 0.5 Hexes
 + Level 0.5 Summonings
 + Level 0.5 Necromancy
 + Level 0.5 Translocations
 + Level 0.5 Transmutations
 + Level 0.5 Fire Magic
 + Level 0.5 Ice Magic
 + Level 0.5 Air Magic
 + Level 0.5 Earth Magic
 + Level 0.5 Poison Magic
 + Level 4.5 Invocations
 + Level 0.7 Evocations


You had 3 spell levels left.
You didn't know any spells.
Your spell library was empty.

Dungeon Overview and Level Annotations

Branches:
Dungeon (2/15)

Altars:

Shops:
D:1 ![:


Innate Abilities, Weirdness & Mutations

You have very sharp teeth.
Your uncanny sense of smell can sniff out nearby items.
Your experience applies equally to all skills.
You have hidden genetic defects.


Message History

A puff of flame appears from out of thin air!
The puff of flame hits you!
You miss something. You miss the orc wizard. Something hits you.
Unknown command.
You feel less confused.
The orc wizard hits you with a +0 dagger.
* * * LOW HITPOINT WARNING * * *
You see here a +0 dagger.
It was a potion of invisibility.
You fade into invisibility!
The orc wizard mumbles some strange words.
The orc wizard flickers and vanishes!
The orc wizard hits you with a +0 dagger.
* * * LOW HITPOINT WARNING * * *
Something hits you but does no damage.
You are very lightly contaminated with residual magic.
It was a potion of mutation.
You feel extremely strange.
You feel a hidden malignance growing inside you.
You hear some strange, mumbled words.
The orc wizard appears confused.
Something hits you but does no damage.
As you read the scroll of teleportation, it crumbles to dust.
You feel strangely unstable.
A magic dart appears from out of thin air!
The magic dart hits the hobgoblin!
The hobgoblin dies!
Your surroundings suddenly seem different.
You start resting.
You flicker for a moment.
You start resting.
You flicker back into view.
You start resting.
Your magical contamination has completely faded away.
You start resting.
An orc wizard is nearby!
The orc wizard casts a spell at you. You resist with significant effort.
A rat comes into view.
The orc wizard gestures at you while chanting.
The puff of flame hits you!
You die...

#..........#
#..........#
##........##
##........###
#...<...)...#########
#...................#
#..........########.###
#..........# #...##
#......@...# ###...
##........## ###.
#........#### #..
#...........# #..
######.#.##.# ####..
#.#.##.######.##..
#.#o##............
#.#r......#####.#.
.....####### #....


You could see an orc wizard and a rat.

Vanquished Creatures
  An adder (D:2)
  A worm (D:2)
  A dart slug (D:1)
  3 bats
  3 giant cockroaches (D:2)
  2 goblins (D:2)
  A hobgoblin (D:1)
  2 ball pythons (D:1)
  2 frilled lizards
  3 kobolds
  4 rats
23 creatures vanquished.

Vanquished Creatures (others)
  A hobgoblin (D:2)
1 creature vanquished.

Grand Total: 24 creatures vanquished

Notes
Turn   | Place    | Note
-------+----------+-------------------------------------------
     0 | Abyss:1  | Gargoyl the Gnoll Abyssal Knight began the quest for the
                  | Orb.
     0 | Abyss:1  | Reached XP level 1. HP: 23/23 MP: 3/3
    34 | Abyss:1  | Noticed an apocalypse crab
   126 | Abyss:3  | Noticed a hell hog
   127 | D:1      | Escaped the Abyss
   144 | D:1      | Found Anakle Misa's Book Shop.
   527 | D:1      | Reached XP level 2. HP: 29/29 MP: 5/5
   610 | D:1      | Found Niakh's Armour Shoppe.
   613 | D:1      | Bought a +1 pair of boots for 138 gold pieces
   654 | D:1      | Found Wexti's Distillery.
   687 | D:1      | Reached * piety under Lugonu
  1038 | D:2      | Reached XP level 3. HP: 35/35 MP: 6/6
  1154 | D:2      | Gained mutation: You have hidden genetic defects. [potion
                  | of mutation]
  1196 | D:2      | Killed from afar by an orc wizard

Illustrated notes

Levels and vault maps discovered:
D:1:      scummos_arrival_simple_fountains, layout_basic, serial_shops,
          shop_coins, shop, shop
D:2:      layout_rooms, dreamdust_ecumenical_altar_angels_and_demons,
          eino_tiny_chamber, uniq_jessica

Action                   || total
-------------------------++-------
Melee: Hand axe          ||    84
       Bite              ||     7
Invok: Depart the Abyss  ||     1
  Use: Scroll            ||     3
       Potion            ||     2
Armor: Chain mail        ||    74
Dodge: Dodged            ||    24

Table legend: (Time is in decaauts)
 A = Elapsed time spent in this place.
 B = Non-inter-level travel time spent in this place.
 C = Inter-level travel time spent in this place.
 D = Time resting spent in this place.
 E = Time spent auto-exploring this place.
 F = Levels seen in this place.
 G = Mean time per level.
                   A        B        C        D        E       F      G
               +--------+--------+--------+--------+--------+-----+--------+
         Total |   1202 |   1180 |     22 |     30 |    865 |   5 |  240.4 |
       Dungeon |   1074 |   1052 |     22 |     30 |    794 |   2 |  537.0 |
         Abyss |    127 |    127 |      0 |      0 |     71 |   3 |   42.3 |
               +--------+--------+--------+--------+--------+-----+--------+

Top non-repeatable levels by time:
     D:1: 741 daAuts
     D:2: 333 daAuts
 Abyss:2: 48 daAuts
 Abyss:1: 46 daAuts
 Abyss:3: 32 daAuts
